 Dungeon Crawl Stone Soup version 0.30-a0-170-g85af917532 (webtiles) character file.

Game seed: 11377016044086327463

581 qw the Chopper (level 7, -3/43 HPs)
             Began as a Gargoyle Fighter on Sept 30, 2022.
             Slain by a gnoll sergeant
             ... wielding a +2 spear of distortion
              (5 damage)
             ... on level 5 of the Dungeon.
             The game lasted 00:01:37 (5121 turns).

qw the Chopper (Gargoyle Fighter)                   Turns: 5121, Time: 00:01:38

Health: -3/43      AC: 18    Str: 21    XL:     7   Next: 36%
Magic:  7/7        EV:  7    Int:  9    God:
Gold:   384        SH:  4    Dex:  9    Spells: 6/6 levels left

rFire   . . .      SeeInvis .    Y - +3 war axe
rCold   + . .      Faith    .    c - +0 buckler
rNeg    + . .      Spirit   .    h - +2 chain mail {rC+}
rPois   inf        Reflect  .    b - +0 helmet
rElec   +          Harm     .    l - +0 cloak
rCorr   .          Rampage  .    (no gloves)
Will    .....                    (no boots)
Stlth   ..........               (no amulet)
HPRegen 0.14/turn                (no ring)
MPRegen 0.10/turn                (no ring)

@: about to teleport
A: sickness immunity, AC +4, negative energy resistance 1, electricity
resistance, torment resistance 1, petrification resistance
a: no special abilities


You were on level 5 of the Dungeon.
You visited 1 branch of the dungeon, and saw 5 of its levels.

You collected 384 gold pieces.


Innate Abilities, Weirdness & Mutations

You are immune to sickness and miasma.
Your stone body is resilient. (AC +4)
You are immune to poison.
You resist negative energy. (rN+)
You are resistant to electric shocks. (rElec)
You are resistant to unholy torment.
You are immune to petrification.


   Skills:
 - Level 4.0 Fighting
 + Level 6.8 Axes
 - Level 3.2 Armour
 - Level 1.1 Dodging
 - Level 3.2 Shields


You had 6 spell levels left.
You didn't know any spells.
Your spell library was empty.

Inventory:

Hand Weapons
 o - a +4 flail
 Y - a +3 war axe (weapon)
Armour
 b - a +0 helmet (worn)
 c - a +0 buckler (worn)
 h - a +2 chain mail of cold resistance (worn)
 l - a +0 cloak (worn)
Scrolls
 a - a scroll of teleportation
 g - a scroll of identify
Potions
 d - a potion of might
 e - a potion of brilliance {unknown}
 f - a potion of magic {unknown}
 j - a potion of experience {unknown}
 k - a potion of lignification {unknown}
 m - a potion of curing
 n - 2 potions of ambrosia {unknown}

Dungeon Overview and Level Annotations

Branches:
Dungeon (5/15)
 Temple: D:4-7

Altars:
Nemelex Xobeh
Trog
Uskayaw

Shops:
D:1 :   D:4 [


Message History

5096 ||| FLEEEEING.
There is an open door here.
5097 ||| FLEEEEING.
5098 ||| FLEEEEING.
5099 ||| FLEEEEING.
5100 ||| FLEEEEING.
5101 ||| FLEEEEING.
5102 ||| FLEEEEING.
5103 ||| FLEEEEING.
5104 ||| FLEEEEING.
5108 ||| FLEEEEING.
5109 ||| FLEEEEING.
You start resting.
A gnoll sergeant is nearby!
5113 ||| Stepping ~*~*~tactically~*~*~ (hiding).
The gnoll sergeant hits you but does no damage.
Space warps horribly around you!
The gnoll sergeant hits you but does no damage.
You blink.
Found 9 gold pieces.
The gnoll hits you but does no damage.
You slash the gnoll!
The gnoll is almost dead.
The gnoll hits you but does no damage. You block the gnoll sergeant's attack.
You slash the gnoll!
You kill the gnoll!
The gnoll sergeant hits you but does no damage.
Space warps horribly around you!! The gnoll sergeant barely misses you.
5119 ||| READING 2 scrolls of teleportation.
As you read the scroll of teleportation, it crumbles to dust.
You feel strangely unstable. The gnoll sergeant barely misses you.
The gnoll sergeant hits you but does no damage.
Space warps around you.
Things that are here:
a +0 spear; a gnoll corpse You slash the gnoll sergeant!
The gnoll sergeant is moderately wounded.
The gnoll sergeant hits you but does no damage.
Space warps around you.
You die...

#......... #...#.##..... #.....
.. #...#.##.....# ##....#...
#...#.##.## ..# #..#..#..
#...#.##.### ..##.###...
#..........###..#..#..#
#...#......../....$...#
#........#.####.##..#.#
#..#.#.........g@...#.#
....%..###..#.#.#####.#### #####
...#.#......#.#..##......####....
.......####.#.##.##[.....##......
#...........#.##.##......##...)..
#.###########.##g##......##..g...
... #.##.........##.))... #.##
#.####))...g..##.#### .## #.#
##.#+#'...)..#..


You could see a gnoll sergeant.

Vanquished Creatures
  A phantom (D:5)
  2 scorpions (D:4)
  2 orc priests (D:3)
  2 hounds
  Jessica (D:3)
  Natasha (D:3)
  3 adders
  8 gnolls
  A river rat (D:4)
  2 worms
  A dart slug (D:1)
  12 orcs
  7 ball pythons
  6 bats
  2 endoplasms (D:3)
  6 giant cockroaches
  8 goblins
  7 hobgoblins
  3 jackals (D:2)
  3 kobolds
  7 quokkas
  4 frilled lizards
  12 rats
101 creatures vanquished.

Vanquished Creatures (others)
  A fungus (D:1)
  3 plants (D:1)
4 creatures vanquished.

Grand Total: 105 creatures vanquished

Notes
Turn   | Place    | Note
-------+----------+-------------------------------------------
     0 | D:1      | qw the Gargoyle Fighter began the quest for the Orb.
     0 | D:1      | Reached XP level 1. HP: 14/14 MP: 1/1
     0 | D:1      | 0 ||| qw: Version: 0.2-a-12-gaebbb33
     0 | D:1      | 0 ||| qw: Game counter: 1571
     0 | D:1      | 0 ||| qw: Always use a shield: true
     0 | D:1      | 0 ||| qw: God list: Okawaru
     0 | D:1      | 0 ||| qw: Allow faded altars: false
     0 | D:1      | 0 ||| qw: Do Orc after D:15 true
     0 | D:1      | 0 ||| qw: Do second Lair branch before Depths: true
     0 | D:1      | 0 ||| qw: Lair rune preference: random
     0 | D:1      | 0 ||| qw: Plans: Normal, Zot:1-4, God:TSO, Crypt, Tomb,
                  | Pan, Slime:5, Hells, Abyss, Orb
     0 | D:1      | 0 ||| PLANNING D:1-11
     9 | D:1      | 9 ||| Stepping ~*~*~tactically~*~*~ (stealth).
    18 | D:1      | Reached skill level 2 in Axes
    57 | D:1      | Found a faded altar of an unknown god.
    64 | D:1      | Reached XP level 2. HP: 19/19 MP: 2/2
   152 | D:1      | Found Rachocw's Book Shop.
   338 | D:1      | 338 ||| Stepping ~*~*~tactically~*~*~ (stealth).
   350 | D:1      | Reached skill level 3 in Axes
   433 | D:1      | Reached XP level 3. HP: 20/23 MP: 3/3
   873 | D:1      | 873 ||| DROPPING +0 club.
   933 | D:1      | 933 ||| UPGRADING to +0 cloak.
   938 | D:1      | 938 ||| READING 3 scrolls labelled TEEPOU KUCIU.
   941 | D:1      | 941 ||| READING 2 scrolls labelled RAALLI SETEISA.
   942 | D:1      | 942 ||| READING 2 scrolls labelled XIMUABLO UBARR.
   943 | D:1      | 943 ||| READING scroll labelled UTEJEF XORCHEM.
   944 | D:1      | 944 ||| READING scroll labelled OCKESU XORYCK.
   945 | D:1      | 945 ||| DROPPING scroll of noise.
  1336 | D:2      | 1336 ||| Stepping ~*~*~tactically~*~*~ (stealth).
  1337 | D:2      | 1337 ||| Stepping ~*~*~tactically~*~*~ (stealth).
  1730 | D:2      | You fall into a shaft and drop 2 floors!
  1766 | D:4      | 1766 ||| PLANNING SEWER
  1768 | D:4      | Found a bloodstained altar of Trog.
  1867 | D:4      | Noticed a scorpion
  1872 | D:4      | Killed a scorpion
  1873 | D:4      | Reached skill level 4 in Axes
  1873 | D:4      | Reached XP level 4. HP: 28/28 MP: 4/4
  1873 | D:4      | Reached XP level 5. HP: 32/32 MP: 5/5
  1952 | D:4      | Found Qias's Armour Emporium.
  2012 | D:4      | Noticed a black bear
  2012 | D:4      | Noticed a centaur
  2018 | D:4      | 2018 ||| DROPPING +0 mace.
  2375 | D:4      | Found a sparkling altar of Nemelex Xobeh.
  2376 | D:4      | 2376 ||| Stepping ~*~*~tactically~*~*~ (stealth).
  2384 | D:4      | Reached skill level 5 in Axes
  2424 | D:4      | 2424 ||| RIP SEWER
  2495 | D:4      | 2495 ||| PLANNING D:1-11
  2495 | D:4      | 2495 ||| UPGRADING to +0 chain mail.
  2505 | D:4      | 2505 ||| DROPPING +0 scale mail.
  2506 | D:4      | 2506 ||| READING scroll labelled AHOMAA FUEMMAUS.
  2507 | D:4      | 2507 ||| READING scroll labelled JYMURU KATHOS.
  2508 | D:4      | 2508 ||| READING scroll labelled UNLAGY ACHOIB GAI.
  2509 | D:4      | 2509 ||| DRINKING 2 blue potions.
  2563 | D:3      | 2563 ||| Stepping ~*~*~tactically~*~*~ (stealth).
  2565 | D:3      | 2565 ||| Stepping ~*~*~tactically~*~*~ (stealth).
  2829 | D:3      | 2829 ||| UPGRADING to +0 helmet.
  2834 | D:3      | 2834 ||| UPGRADING to +2 chain mail of cold resistance.
  2844 | D:3      | 2844 ||| DROPPING +0 chain mail.
  2897 | D:2      | 2897 ||| Stepping ~*~*~tactically~*~*~ (stealth).
  3064 | D:2      | 3064 ||| READING scroll of enchant weapon.
  3064 | D:2      | 3064 ||| ENCHANTING +1 war axe.
  3084 | D:2      | 3084 ||| READING scroll of enchant weapon.
  3084 | D:2      | 3084 ||| ENCHANTING +2 war axe.
  3432 | D:3      | Reached XP level 6. HP: 38/38 MP: 6/6
  3602 | D:3      | 3602 ||| DROPPING +3 whip.
  3605 | D:3      | 3605 ||| DROPPING +0 flail.
  3797 | D:3      | Noticed Natasha
  3798 | D:3      | 3798 ||| Stepping ~*~*~tactically~*~*~ (stealth).
  3806 | D:3      | Killed Natasha
  3945 | D:3      | Noticed Jessica
  3951 | D:3      | Killed Jessica
  3952 | D:3      | Reached skill level 6 in Axes
  4114 | D:3      | 4114 ||| Stepping ~*~*~tactically~*~*~ (stealth).
  4115 | D:3      | 4115 ||| Stepping ~*~*~tactically~*~*~ (stealth).
  4199 | D:3      | 4199 ||| DROPPING +6 ring of intelligence.
  4200 | D:3      | 4200 ||| READING scroll labelled OVYRIQ JOFREB.
  4201 | D:3      | 4201 ||| READING scroll labelled GADOOZ EDOT.
  4334 | D:4      | 4334 ||| Stepping ~*~*~tactically~*~*~ (water).
  4616 | D:4      | Found a hide-covered altar of Uskayaw.
  4708 | D:5      | Entered Level 5 of the Dungeon
  4738 | D:5      | Reached skill level 1 in Dodging
  4750 | D:5      | Reached XP level 7. HP: 37/43 MP: 7/7
  5067 | D:5      | 5067 ||| FLEEEEING.
  5068 | D:5      | 5068 ||| FLEEEEING.
  5069 | D:5      | 5069 ||| FLEEEEING.
  5077 | D:5      | 5077 ||| Stepping ~*~*~tactically~*~*~ (stealth).
  5085 | D:5      | 5085 ||| Stepping ~*~*~tactically~*~*~ (hiding).
  5087 | D:5      | 5087 ||| Stepping ~*~*~tactically~*~*~ (hiding).
  5095 | D:5      | 5095 ||| FLEEEEING.
  5096 | D:5      | 5096 ||| FLEEEEING.
  5097 | D:5      | 5097 ||| FLEEEEING.
  5098 | D:5      | 5098 ||| FLEEEEING.
  5099 | D:5      | 5099 ||| FLEEEEING.
  5100 | D:5      | 5100 ||| FLEEEEING.
  5101 | D:5      | 5101 ||| FLEEEEING.
  5102 | D:5      | 5102 ||| FLEEEEING.
  5103 | D:5      | 5103 ||| FLEEEEING.
  5104 | D:5      | 5104 ||| FLEEEEING.
  5108 | D:5      | 5108 ||| FLEEEEING.
  5109 | D:5      | 5109 ||| FLEEEEING.
  5113 | D:5      | 5113 ||| Stepping ~*~*~tactically~*~*~ (hiding).
  5118 | D:5      | HP: 6/43 [gnoll sergeant/+2 spear of distortion (19)]
  5119 | D:5      | 5119 ||| READING 2 scrolls of teleportation.
  5120 | D:5      | HP: 2/43 [gnoll sergeant/+2 spear of distortion (4)]
  5121 | D:5      | Slain by a gnoll sergeant

Levels and vault maps discovered:
D:1:      ncdulo_watergridlock, layout_loops_ring,
          shapermc_ecumenical_altar_mp_ritualfount, serial_shops,
          nicolae_shop_advertising_works [nicolae_subvault_shop_adworks]
D:2:      layout_basic, patterned_corridor
D:3:      layout_basic, kennysheep_orc_chapel, uniq_jessica, uniq_natasha
D:4:      layout_loops_ring, nicolae_uskayaw_suspiria, marbit_many_paths,
          amcnicky_altar_gilded, portal_sewer_entry_e, serial_shops,
          nicolae_lakefront_shop, lightli_corner_chamber
D:5:      layout_basic, mainiacjoe_overflow_alcove_2,
          minmay_temple_entry_arrows, serial_glass, glass_columns_b,
          glass_columns_b, glass_columns_a, glass_columns_a, glass_columns_b,
          minmay_strange_pillars, minmay_strange_pillars,
          minmay_strange_pillars, feat_on_display, minivault_26

Skill      XL: |  1  2  3  4  5  6 |
---------------+-------------------+-----
Axes           | 2 3 4 5 6 |  6.8
Fighting       | 4 |  4.0
Dodging        | 1 |  1.1
Armour         | |  3.2
Shields        | |  3.2

Action                   |  1- 3 |  4- 6 |  7- 9 || total
-------------------------+-------+-------+-------++-------
Melee: War axe           |   123 |   109 |    39 ||   271
Throw: Boomerang         |     2 |    64 |     1 ||    67
  Use: Scroll            |     5 |     7 |     1 ||    13
       Potion            |       |     1 |       ||     1
Armor: Scale mail        |    59 |     3 |       ||    62
       Chain mail        |       |    54 |    28 ||    82
Dodge: Dodged            |    52 |    26 |     6 ||    84
Block: Buckler           |    21 |    18 |    12 ||    51

Table legend:
 A = Non-vault XP
 B = Vault XP
 C = Vault XP percentage of total XP
 D = Non-vault monster count
 E = Vault monster count
 F = Vault count percentage of total count
                 A         B        C        D         E       F
            +---------+---------+-------+---------+---------+-------
      Total |     590 |     241 |  29.0 |      85 |      16 |  15.8
            +---------+---------+-------+---------+---------+-------
        D:1 |      53 |       0 |   0.0 |      22 |       0 |   0.0
        D:2 |      48 |       0 |   0.0 |      21 |       0 |   0.0
        D:3 |     133 |     127 |  48.8 |      26 |       7 |  21.2
        D:4 |      98 |     114 |  53.8 |       6 |       9 |  60.0
        D:5 |     258 |       0 |   0.0 |      10 |       0 |   0.0
            +---------+---------+-------+---------+---------+-------
